 Dungeon Crawl Stone Soup version 0.31-a0-358-gac0dbeb3ab (webtiles) character file.

Game seed: 11352249822983519177

136 PROFITTTT the Trooper (level 5, -1/29 HPs)
             Began as a Vine Stalker Fighter on July 25, 2023.
             Was an Initiate of Gozag.
             Slain by a jackal (2 damage)
             ... on level 3 of the Dungeon.
             The game lasted 00:07:00 (2138 turns).

PROFITTTT the Trooper (Vine Stalker Fighter)        Turns: 2138, Time: 00:07:01

Health: -1/29      AC:  8    Str: 21    XL:     5   Next: 19%
Magic:  0/6        EV:  9    Int:  8    God:    Gozag
Gold:   48         SH:  4    Dex: 13    Spells: 4/4 levels left

rFire   . . .        e - +3 short sword
rCold   . . .        b - +0 buckler
rNeg    . . .        a - +0 scale mail
rPois   .            (no helmet)
rElec   .            (no cloak)
rCorr   .            (no gloves)
SInv    .            (no boots)
Will    +....        (no amulet)
Stlth   +            (no ring)
HPRegen 1.04/turn    (no ring)
MPRegen 0.10/turn

%: guardian spirit
@: brilliant, lethally poisoned (-1 -> -1), gold aura, attractive, enlightened,
flying
A: fangs 2, regeneration 1, magic shield, antimagic bite, no potion heal 2,
hooves 1, iridescent scales 1, evolution 1
a: Renounce Religion, Potion Petition, Call Merchant, Bribe Branch


You were on level 3 of the Dungeon.
You worshipped Gozag.
Gozag was noncommittal.
You visited 1 branch of the dungeon, and saw 3 of its levels.

You collected 97 gold pieces.
You spent 49 gold pieces at shops.

Inventory:

Hand Weapons
 e - a +3 short sword (weapon)
Armour
 a - a +0 scale mail (worn)
 b - a +0 buckler (worn)
 k - a +0 helmet
Scrolls
 d - a scroll of fog
Potions
 j - 2 potions of enlightenment


   Skills:
 * Level 4.1 Fighting
 - Level 2.4 Armour
 + Level 2.9 Stealth
 - Level 2.6 Shields
 + Level 3.0 Unarmed Combat


You had 4 spell levels left.
You didn't know any spells.
Your spell library was empty.

Dungeon Overview and Level Annotations

Branches:
Dungeon (3/15)

Altars:
Gozag

Shops:
D:1 [?**

Annotations:
D:3 Ijyb


Innate Abilities, Weirdness & Mutations

You have extremely sharp teeth.
Your natural rate of healing is unusually fast.
When hurt, damage is shared between your health and your magic reserves.
Your bite disrupts and absorbs the magic of your enemies.
Potions cannot restore your health.
You have large cloven feet.
You are partially covered in iridescent scales. (AC +2)
You have hidden genetic potential.


Message History

The adder bites you but does no damage.
Unknown command.
You barely miss the adder. Your bite misses the adder.
The adder is almost dead.
You feel sick. The adder bites you.
You are more poisoned.
The adder poisons you! Ijyb barely misses you. The adder barely misses you.
You take 3 damage, and have 10/29 hp.
Unknown command.
You closely miss the adder.
The adder is almost dead.
You feel sick. Ijyb hits you but does no damage.
The adder bites you but does no damage.
Ijyb zaps a wand.
The puff of flame hits you.
* * * LOW HITPOINT WARNING * * *
You take 6 damage, and have 4/29 hp.
Unknown command.
You puncture the adder!
You kill the adder!
You feel sick. Ijyb hits you with a +0 dagger.
* * * LOW HITPOINT WARNING * * *
The kobold is distracted by your dazzling golden aura.
You take 3 damage, and have 1/29 hp.
Unknown command.
You feel sick.
A jackal comes into view.
The kobold is attracted toward you. The goblin is attracted toward you.
The jackal is attracted toward you.
You see here 23 gold pieces.
You now have enough gold to buy a scroll of teleportation on D:1, buy a scroll of fog on D:1, or buy a scroll of teleportation on D:1.
You can access your shopping list by pressing '$'.
You now have 48 gold pieces (gained 23).
You feel sick. Ijyb hits you but does no damage.
Press: ? - help, v - describe, . - travel, g - get item Item here: a glowing trident.
The floor.
Unknown command.
You feel sick. The jackal closely misses you. The jackal bites you.
You die...
Your body crumbles into a pile of gold.

.# .# .# .#
.. .#
#§#####.#
#.....).#
#.h@# #.#.# #
#g# #K# #g#
#§# #.# #.#
###########$#


You could see Ijyb, a jackal, a goblin and a kobold (unaware).

Vanquished Creatures
  Terence (D:2)
  Robin (D:2)
  4 adders
  A worm (D:3)
  7 ball pythons
  7 endoplasms
  14 goblins
  4 hobgoblins (D:1)
  2 jackals (D:3)
  6 kobolds
  2 quokkas (D:1)
  7 bats
  3 frilled lizards
  4 rats (D:2)
63 creatures vanquished.

Notes
Turn   | Place    | Note
-------+----------+-------------------------------------------
     0 | D:1      | PROFITTTT the Vine Stalker Fighter began the quest for the
                  | Orb.
     0 | D:1      | Reached XP level 1. HP: 11/11 MP: 2/2
   317 | D:1      | Reached skill level 1 in Stealth
   317 | D:1      | Reached XP level 2. HP: 16/16 MP: 3/3
   340 | D:1      | Reached skill level 3 in Fighting
   567 | D:1      | Found Banit's Antique Armour Emporium.
   605 | D:1      | Reached XP level 3. HP: 20/20 MP: 4/4
   655 | D:1      | Found Niqoc's Assorted Antiques.
   660 | D:1      | Bought a scroll labelled JEEPIWK LOHUEP for 19 gold pieces
   757 | D:1      | Found Ukog's General Store.
   794 | D:1      | Found Roalol's Magic Scroll Shop.
   799 | D:1      | Bought a scroll of noise for 10 gold pieces
  1336 | D:2      | Noticed Terence
  1425 | D:1      | Bought a scroll of identify for 20 gold pieces
  1501 | D:2      | Noticed Robin
  1621 | D:2      | Killed Robin
  1622 | D:2      | Gained mutation: Your natural rate of healing is unusually
                  | fast. [Vine Stalker growth]
  1622 | D:2      | Reached XP level 4. HP: 22/25 MP: 2/5
  1786 | D:2      | Killed Terence
  1787 | D:2      | Reached skill level 4 in Fighting
  1844 | D:2      | Reached XP level 5. HP: 29/29 MP: 6/6
  2010 | D:2      | Found a faded altar of an unknown god.
  2018 | D:2      | Prayed at the altar of an unknown god.
  2018 | D:2      | Became a worshipper of Gozag Ym Sagoz the Greedy
  2075 | D:3      | Noticed Ijyb
  2111 | D:3      | Gained mutation: You are partially covered in iridescent
                  | scales. (AC +2) [potion of mutation]
  2111 | D:3      | Gained mutation: You have large cloven feet. [potion of
                  | mutation]
  2111 | D:3      | Gained mutation: You have hidden genetic potential. [potion
                  | of mutation]
  2135 | D:3      | HP: 1/29 [Ijyb/+0 dagger (2)]
  2138 | D:3      | Slain by a jackal

Illustrated notes

Levels and vault maps discovered:
D:1:      dpeg_arrival_three_same_balls, layout_loops_ring, serial_bayou,
          serial_bayou_ford_a, serial_bayou_shore_a, serial_bayou_lagoon_a,
          serial_bayou_crossing, serial_shops, nicolae_shop_just_a_little_nook,
          shop, nicolae_shop_rolled_up, nicolae_shop_peninsula
D:2:      layout_loops_ring, basic_ecumenical_altar, uniq_terence, uniq_robin
D:3:      layout_loops_ring, grunt_temple_overflow_holy_war, kennysheep_donut,
          uniq_ijyb, uniq_grinder

Skill      XL: |  1  2  3  4  5 |
---------------+----------------+-----
Stealth        | 1 2 |  2.9
Fighting       | 3 4 |  4.1
Unarmed Combat | 3 |  3.0
Armour         | |  2.4
Shields        | |  2.6

Action                     |  1- 3 |  4- 6 || total
---------------------------+-------+-------++-------
  Melee: Unarmed           |    13 |       ||    13
         Bite              |    16 |    12 ||    28
         Dagger            |    19 |       ||    19
         Short sword       |    68 |    57 ||   125
         Kick              |       |     3 ||     3
    Use: Scroll            |     1 |     2 ||     3
         Potion            |       |     5 ||     5
 Armour: Scale mail        |    39 |    39 ||    78
  Dodge: Dodged            |    48 |    38 ||    86
  Block: Buckler           |    28 |    12 ||    40

Table legend: (Time is in decaauts)
 A = Elapsed time spent in this place.
 B = Non-inter-level travel time spent in this place.
 C = Inter-level travel time spent in this place.
 D = Time resting spent in this place.
 E = Time spent auto-exploring this place.
 F = Levels seen in this place.
 G = Mean time per level.
                   A        B        C        D        E       F      G
               +--------+--------+--------+--------+--------+-----+--------+
         Total |   2182 |   1995 |    187 |    247 |   1052 |   3 |  727.3 |
       Dungeon |   2182 |   1995 |    187 |    247 |   1052 |   3 |  727.3 |
               +--------+--------+--------+--------+--------+-----+--------+

Top non-repeatable levels by time:
     D:1: 1173 daAuts
     D:2: 941 daAuts
     D:3: 67 daAuts
